 Dungeon Crawl Stone Soup version 0.17.2-1-ge4368a0 (webtiles) character file.

217 Goblin1989 the Insei (level 5, -1/45 HPs)
             Began as a Draconian Monk on Aug 30, 2016.
             Slain by an iguana (3 damage)
             ... on level 4 of the Dungeon.
             The game lasted 00:05:14 (2774 turns).

Goblin1989 the Insei (Draconian Monk)               Turns: 2774, Time: 00:05:15

Health: -1/45      AC:  5    Str: 13    XL:     5   Next: 62%
Magic:  5/5        EV: 13    Int: 10    God:
Gold:   141        SH:  0    Dex: 15    Spells: 0 memorised, 4 levels left

rFire  . . .     SeeInvis .       - Unarmed
rCold  . . .     Clarity  .     (armour unavailable)
rNeg   . . .     SustAt   .     (no shield)
rPois  .         Gourm    .     (helmet restricted)
rElec  .         Spirit   .     (no cloak)
rCorr  .         Warding  .     (no gloves)
rMut   .         Stasis   .     (no boots)
MR     .....                    (no amulet)
Stlth  ++........               (no ring)
                                (no ring)

@: not resistant to hostile enchantments, unstealthy
A: unfitting armour, cold-blooded, AC +5
a: no special abilities


You were on level 4 of the Dungeon.
You were not hungry.

You visited 1 branch of the dungeon, and saw 4 of its levels.

You collected 141 gold pieces.

Inventory:

Jewellery
 c - an uncursed amulet of regeneration {unknown}
Scrolls
 b - 2 scrolls of magic mapping {unknown}
 d - 3 scrolls of recharging {unknown}
 e - 5 scrolls of identify {unknown}
 i - 3 scrolls of random uselessness {unknown}
 j - 2 scrolls of enchant armour {unknown}
 k - a scroll of noise {unknown}
 l - a scroll of amnesia {unknown}
 p - a scroll of enchant weapon {unknown}
Potions
 f - a potion of heal wounds {unknown}
 g - 4 potions of curing {unknown}
 h - a potion of brilliance {unknown}
 m - a potion of poison {unknown}
 o - a potion of might {unknown}
Books
 n - a book of Hinderance

   Spells                             Type                      Level
   a - Confusing Touch                Hexes                        2
   b - Confuse                        Hexes                        3
   c - Gell's Gravitas                Hexes/Translocation          3
   d - Petrify                        Transmutation/Earth          4
   e - Metabolic Englaciation         Hexes/Ice                    5
Comestibles
 a - 3 bread rations
 q - a beef jerky
 r - 3 fruits


   Skills:
 - Level 3.2 Fighting
 - Level 2.6 Dodging
 - Level 1.7 Stealth
 + Level 7.0 Unarmed Combat


You had 4 spell levels left.
You didn't know any spells.

Dungeon Overview and Level Annotations

Branches:
Dungeon (4/15)
 Temple: D:4-7

Altars:


Innate Abilities, Weirdness & Mutations

Your plain brown scales are hard (AC +5).
Your body does not fit into most forms of armour.
You are cold-blooded and may be slowed by cold attacks.


Message History

The iguana is heavily wounded.
You hit the iguana but do no damage. You tail-slap the iguana.
The iguana is heavily wounded.
The iguana bites you!
You take 13 damage, and have 14/45 hp.
MASSIVE DAMAGE!!
You hit the iguana but do no damage.
The iguana is heavily wounded.
The iguana bites you!
* * * LOW HITPOINT WARNING * * *
You take 12 damage, and have 2/45 hp.
MASSIVE DAMAGE!!
You barely miss the iguana.
You tail-slap the iguana, but do no damage.
The iguana is heavily wounded.
The iguana bites you but does no damage.
You hit the iguana but do no damage. You tail-slap the iguana.
The iguana is severely wounded.
The iguana bites you.
You die...

#....♣♣.P♣###...####
#....♣♣.♣♣....###
#....♣♣.♣♣.######
#.....#..#......######.
#........######........
#....##########..##....
#....# #......# ..
#....P .....###.###....


#PP.PP ... #..@l...... #.♣P♣P . #....#####.... .P♣P #.### .. .. . You could see
an iguana.

Vanquished Creatures
  A hound (D:4)
  7 gnolls
  4 adders
  A worm (D:3)
  5 giant geckos
  9 orcs
  A ball python (D:3)
  3 giant cockroaches
  7 hobgoblins
  6 jackals
  3 kobolds
  10 bats
  5 giant newts
  14 goblins
  4 rats
80 creatures vanquished.

Notes
Turn   | Place    | Note
--------------------------------------------------------------
     0 | D:1      | Goblin1989 the Draconian Monk began the quest for the Orb.
     0 | D:1      | Reached XP level 1. HP: 19/19 MP: 1/1
   336 | D:1      | Reached XP level 2. HP: 26/26 MP: 2/2
   688 | D:2      | Reached skill level 5 in Unarmed Combat
   688 | D:2      | Reached XP level 3. HP: 21/31 MP: 3/3
  1297 | D:2      | Reached XP level 4. HP: 33/38 MP: 4/4
  1708 | D:3      | Reached skill level 6 in Unarmed Combat
  2362 | D:3      | Reached XP level 5. HP: 21/45 MP: 5/5
  2766 | D:4      | Reached skill level 7 in Unarmed Combat
  2772 | D:4      | HP: 2/45 [iguana (12)]
  2774 | D:4      | Slain by an iguana

Action                   |  1- 3 |  4- 6 || total
-------------------------+-------+-------++-------
Melee: Unarmed           |   125 |   151 ||   276
 Stab: Sleeping          |     1 |     2 ||     3
  Eat: Chunk             |     1 |     3 ||     4
       Meat ration       |       |     1 ||     1
